 Dungeon Crawl Stone Soup version 0.28-a0-1395-g4f6bc678fa (webtiles) character file.

Game seed: 79806122356019253

1768 Cheeritup the Cleaver (level 8, -10/66 HPs)
             Began as a Palentonga Fighter on Jan 4, 2022.
             Was a Follower of Cheibriados.
             Mangled by Maggie the culicivora (18 damage)
             ... on level 6 of the Dungeon.
             The game lasted 00:31:22 (7176 turns).

Cheeritup the Cleaver (Palentonga Fighter)          Turns: 7176, Time: 00:31:22

Health: -10/66     AC: 19    Str: 23    XL:     8   Next: 80%
Magic:  11/11      EV:  8    Int: 12    God:    Cheibriados [*.....]
Gold:   286        SH:  4    Dex: 14    Spells: 7/7 levels left

rFire   . . .      SeeInvis +   a - +2 war axe
rCold   . . .      Faith    .   c - +0 buckler
rNeg    . . .      Spirit   .   k - +3 ring mail
rPois   .          Reflect  .   j - +0 helmet
rElec   .          Harm     .   f - +0 cloak
rCorr   .          Rampage  .   o - +0 pair of gloves
Will    .....                   (no barding)
Stlth   +.........              x - amulet of magic regeneration
HPRegen 0.21/turn               (no ring)
MPRegen 0.52/turn               (no ring)

@: curled up, very slow
A: large, rugged brown scales 3, see invisible, deformed body, roll 1, armoured
tail, reflexive curl
a: Rolling Charge, Renounce Religion, Bend Time


You were on level 6 of the Dungeon.
You worshipped Cheibriados.
Cheibriados was aware of your devotion.
You visited 1 branch of the dungeon, and saw 6 of its levels.

You collected 336 gold pieces.
You spent 50 gold pieces at shops.

Inventory:

Hand Weapons
 a - a +2 war axe (weapon)
 s - a +4 quarterstaff of chaos
 y - a +2 mace of draining
Missiles
 d - 3 boomerangs
Armour
 c - a +0 buckler (worn)
 f - a +0 cloak (worn)
 j - a +0 helmet (worn)
 k - a +3 ring mail (worn)
 o - a +0 pair of gloves (worn)
Magical Staves
 i - a staff of poison
Jewellery
 h - a ring of fire
 x - an amulet of magic regeneration (around neck)
Wands
 l - a wand of acid (9)
 m - a wand of iceblast (17)
 r - a wand of polymorph (2)
Scrolls
 w - 2 scrolls of blinking
Potions
 b - a potion of cancellation {unknown}
 e - 2 potions of curing
 g - a potion of brilliance {unknown}
 n - 2 potions of haste
 p - a potion of resistance {unknown}
 u - 2 potions of mutation {unknown}


   Skills:
 + Level 5.3 Fighting
 * Level 9.3 Axes
 - Level 3.0 Armour
 - Level 2.4 Shields
 - Level 5.0 Invocations


You had 7 spell levels left.
You didn't know any spells.
Your spell library contained the following spells:

 Spells                   Type           Power      Damage    Failure   Level
 Animate Skeleton         Necr           0%         N/A       45%         1
 Apportation              Tloc           0%         N/A       45%         1
 Summon Small Mammal      Summ           0%         N/A       45%         1


Dungeon Overview and Level Annotations

Branches:
Dungeon (6/15)
 Temple: D:4-7

Altars:
Ashenzari
Cheibriados

Shops:
D:3 [!*   D:5 *

Annotations:
D:6 Maggie


Innate Abilities, Weirdness & Mutations

You are completely covered in rugged brown scales. (AC +3, +7% HP)
You have supernaturally acute eyesight. (SInv)
Armour fits poorly on your strangely shaped body.
You can roll at nearby foes to attack.
You have a long armoured tail.
You curl defensively after being hit. (AC +7*)


Message History

Maggie casts a spell.
Maggie attempts to bespell you!
You are mesmerised by Maggie!
Maggie mumbles some strange words.
Maggie draws you further into her thrall.
Aiming: Polymorph
Press: ? - help, Shift-Dir - straight line, f/p - Maggie
Aim: Maggie, wielding a +1 glaive of flaming and wearing +0 steam dragon scales (mesmerising, fast, will become a centaur, a culicivora, or a steam dragon, chance to affect: 49%)
You are no longer entranced.
Maggie evaporates and reforms as a culicivora!
Maggie closely misses you.
Press: ? - help, v - describe, . - travel, g - get item
Here: Maggie the culicivora
Items here: a +1 glaive of flaming; +0 steam dragon scales; 19 gold pieces.
The floor.
Aiming: Corrosive Bolt
Press: ? - help, Shift-Dir - straight line, p - Maggie
Okay, then.
You miss Maggie. Maggie bites you but does no damage.
You slash Maggie!
Your tail-slap misses Maggie.
Maggie is moderately wounded.
Maggie bites you.
Maggie draws strength from your injuries!
Maggie bites you but does no damage.
You closely miss Maggie.
Your tail-slap misses Maggie.
Maggie is lightly wounded.
Maggie bites you!!
Maggie draws strength from your injuries!
You slash Maggie!
Maggie is moderately wounded.
Maggie closely misses you. Maggie bites you!
* * * LOW HITPOINT WARNING * * *
Maggie draws strength from your injuries!
You hit Maggie but do no damage. You tail-slap Maggie!
Maggie is heavily wounded.
Maggie bites you but does no damage. Maggie closely misses you.
You hit Maggie but do no damage.
Maggie is moderately wounded.
Maggie bites you!!
You die...

#...... #...... #......
#......#############
#......#...........
#......#..........###
.@................'.
#######s..........######
#@................
######.....†...........
#......................
#.####.......).........
#........)...)..#......
...#####.########)#######
.........#......#)#
##.#####.#.####.#.#
#.#.#..#.#)#


You could see Maggie the culicivora.

Vanquished Creatures
  Eustachio (D:6)
  A black bear (D:6)
  An ice beast (D:6)
  A centaur (D:6)
  2 ogres (D:6)
  2 phantoms
  A kobold brigand (D:6)
  A bullfrog (D:6)
  A water moccasin skeleton (D:6)
  3 bullfrog zombies (D:6)
  3 orc priests
  3 hounds
  A gnoll shaman (D:4)
  Crazy Yiuf (D:4)
  Ijyb (D:5)
  2 iguanas
  7 orc wizards
  2 howler monkey zombies
  13 adders
  2 gnolls (D:6)
  A shadow imp (D:5)
  An ufetubus (D:5)
  3 adder skeletons
  A worm (D:2)
  4 dart slugs
  16 orcs
  7 endoplasms
  3 giant cockroaches
  11 goblins
  6 hobgoblins
  5 jackals
  12 kobolds
  2 quokkas
  9 ball pythons
  6 bats
  3 frilled lizards
  7 rats
146 creatures vanquished.

Vanquished Creatures (collateral kills)
  An orc (D:5)
1 creature vanquished.

Grand Total: 147 creatures vanquished

Notes
Turn   | Place    | Note
-------+----------+-------------------------------------------
     0 | D:1      | Cheeritup the Palentonga Fighter began the quest for the
                  | Orb.
     0 | D:1      | Reached XP level 1. HP: 19/19 MP: 1/1
    92 | D:1      | Reached XP level 2. HP: 25/25 MP: 2/2
   234 | D:1      | Reached skill level 3 in Axes
   413 | D:1      | You fall into a shaft and drop 1 floor!
   513 | D:1      | Found a faded altar of an unknown god.
   570 | D:1      | Reached XP level 3. HP: 31/31 MP: 3/3
   855 | D:2      | Reached skill level 4 in Axes
   921 | D:2      | Reached XP level 4. HP: 25/37 MP: 4/4
  1827 | D:3      | Found Dasa's Antique Armour Emporium.
  1888 | D:3      | Found Gaavot's General Store.
  1897 | D:3      | Bought a potion of heal wounds for 50 gold pieces
  2053 | D:3      | Reached skill level 5 in Axes
  2193 | D:3      | Found Gunnueno's Distillery.
  2479 | D:4      | Reached XP level 5. HP: 16/43 MP: 5/5
  2892 | D:4      | Noticed a phantom
  2899 | D:4      | Killed a phantom
  2900 | D:4      | Reached skill level 6 in Axes
  2903 | D:4      | Reached XP level 6. HP: 40/50 MP: 6/6
  3034 | D:4      | Found a runed translucent door.
  3035 | D:4      | Noticed Crazy Yiuf
  3137 | D:4      | Killed Crazy Yiuf
  4023 | D:5      | Entered Level 5 of the Dungeon
  4023 | D:5      | Found Xuschyc's Overcharged Wands.
  4072 | D:5      | Reached skill level 7 in Axes
  4985 | D:5      | Noticed Ijyb
  5015 | D:5      | Killed Ijyb
  5147 | D:5      | Gained mutation: You curl defensively after being hit. (AC
                  | +7*) [Palentonga growth]
  5147 | D:5      | Reached XP level 7. HP: 51/51 MP: 7/7
  5620 | D:5      | Reached skill level 8 in Axes
  6041 | D:6      | Noticed Maggie
  6288 | D:6      | Found a snail-covered altar of Cheibriados.
  6292 | D:6      | Became a worshipper of Cheibriados the Contemplative
  6359 | D:6      | Reached skill level 1 in Invocations
  6369 | D:6      | Found a broken altar of Ashenzari.
  6525 | D:6      | Reached skill level 9 in Axes
  6525 | D:6      | Reached XP level 8. HP: 59/62 MP: 9/9
  6571 | D:6      | Reached * piety under Cheibriados
  6652 | D:6      | Noticed Eustachio
  6673 | D:6      | Reached skill level 5 in Fighting
  6679 | D:6      | Killed Eustachio
  6769 | D:6      | Reached skill level 5 in Invocations
  7170 | D:6      | Noticed Maggie
  7170 | D:6      | Maggie changed into Maggie the culicivora
  7176 | D:6      | Mangled by Maggie the culicivora

Illustrated notes

Levels and vault maps discovered:
D:1:      amcnicky_arrival_single_pillar, layout_loops_cross,
          dreamdust_ecumenical_altar_statues
D:2:      layout_basic
D:3:      layout_loops_cross, serial_shops, shop, shop,
          nicolae_shop_statue_plus, chequers_serial_rivers_micro_d
D:4:      layout_loops_ring, kennysheep_opposing_triangles,
          uniq_crazy_yiuf_cottage
D:5:      layout_loops_corners, corexii_item_surrounded_by_moat,
          nicolae_shop_overcharged_wands, uniq_ijyb
D:6:      cheibrodos_steamvent, layout_basic, old_standard_altar,
          marbit_many_paths, minmay_temple_entry_nine_rooms,
          minmay_starry_boxes, uniq_eustachio, uniq_maggie

Skill      XL: |  1  2  3  4  5  6  7  8 |
---------------+-------------------------+-----
Axes           | 3 4 5 6 7 9 |  9.3
Invocations    | 1 5 |  5.0
Fighting       | 5 |  5.3
Armour         | 3 |  3.0
Shields        | |  2.4

Action                   |  1- 3 |  4- 6 |  7- 9 || total
-------------------------+-------+-------+-------++-------
Melee: War axe           |    76 |   211 |   157 ||   444
       Tailslap          |     8 |    19 |    21 ||    48
 Abil: Rolling Charge    |    20 |    32 |    18 ||    70
Evoke: Wand              |       |     5 |     7 ||    12
  Use: Potion            |       |     2 |       ||     2
       Scroll            |       |       |     9 ||     9
Armor: Scale mail        |    43 |    92 |       ||   135
       Ring mail         |       |       |    79 ||    79
Dodge: Dodged            |    22 |    62 |    59 ||   143
Block: Buckler           |    11 |    32 |    23 ||    66

Table legend: (Time is in decaauts)
 A = Elapsed time spent in this place.
 B = Non-inter-level travel time spent in this place.
 C = Inter-level travel time spent in this place.
 D = Time resting spent in this place.
 E = Time spent auto-exploring this place.
 F = Levels seen in this place.
 G = Mean time per level.
                   A        B        C        D        E       F      G
               +--------+--------+--------+--------+--------+-----+--------+
         Total |   7365 |   7180 |    185 |   1773 |   3849 |   6 | 1227.5 |
       Dungeon |   7365 |   7180 |    185 |   1773 |   3849 |   6 | 1227.5 |
               +--------+--------+--------+--------+--------+-----+--------+

Top non-repeatable levels by time:
     D:5: 1988 daAuts
     D:4: 1616 daAuts
     D:6: 1313 daAuts
     D:2: 1061 daAuts
     D:1: 801 daAuts
     D:3: 584 daAuts
